 Dungeon Sprint DCSS version 0.21.1-1-g345015f (webtiles) character file.

443 Melicamp the Fighter (level 6, -1/78 HPs)
             Began as a Troll Monk on Apr 4, 2018.
             Was a Follower of Uskayaw.
             Slain by Sonja
             ... wielding a +0 dagger of draining
              (8 damage)
             ... in the Dungeon (Sprint I: "Red Sonja").
             The game lasted 00:04:05 (279 turns).

Melicamp the Fighter (Troll Monk)                    Turns: 279, Time: 00:04:05

Health: -1/78      AC:  6    Str: 20    XL:     6   Next: 71%
Magic:  5/5        EV:  9    Int:  6    God:    Uskayaw [*.....]
Gold:   297        SH:  0    Dex: 14    Spells: 5/5 levels left

rFire    . . .     SeeInvis .   (no weapon)
rCold    . . .     Gourm    +   (no shield)
rNeg     . . .     Faith    .   a - +1 robe
rPois    .         Spirit   .   (helmet restricted)
rElec    .         Reflect  .   (no cloak)
rCorr    .         Harm     .   (gloves unavailable)
MR       .....     NoTele   +   (boots unavailable)
Stlth    +.........             (no amulet)
HPRegen  0.63/turn              (no ring)
MPRegen  0.09/turn              (no ring)

@: hasted, extremely drained, very quick
A: large, unfitting armour, claws 3, fast metabolism 3, gourmand, regeneration
1, shaggy fur 1, tough skin 2
a: Stomp, Renounce Religion


You were in the Dungeon.
You worshipped Uskayaw.
Uskayaw was noncommittal.
You were not hungry.

You visited 1 branch You collected 297 gold pieces.

Inventory:

Armour
 a - a +1 robe (worn)
Wands
 i - a wand of polymorph (26)
Scrolls
 h - a scroll of blinking
Potions
 f - 2 potions of magic
 g - a potion of berserk rage
 j - a potion of might
Comestibles
 b - 2 rations


   Skills:
 * Level 9.8(0.0) Fighting
 - Level 3.6(0.0) Dodging
 - Level 1.1(0.0) Stealth
 + Level 9.0(0.0) Unarmed Combat


You had 5 spell levels left.
You didn't know any spells.

Dungeon Overview and Level Annotations

Branches:
Dungeon (1/1)

Altars:
Cheibriados
Dithmenos
Elyvilon
Fedhas
Gozag
Hepliaklqana
Kikubaaqudgha
Nemelex Xobeh
Okawaru
Qazlal
Ru
Sif Muna
Trog
Uskayaw
Vehumet
Wu Jian
Yredelemnul
Zin
The Shining One

Shops:
D [

Annotations:
D Sonja


Innate Abilities, Weirdness & Mutations

You are too large for most types of armour.
You have claws for hands.
Your metabolism is lightning-fast.
You like to eat raw meat.
Your natural rate of healing is unusually fast.
You are covered in fur. (AC +1)
You have very tough skin. (AC +2)


Message History

You miss Sonja.
Sonja is moderately wounded.
Sonja hits you with an uncursed dagger of draining.
* * * LOW HITPOINT WARNING * * *
You feel drained.
* * * LOW HITPOINT WARNING * * *
Sonja hits you with an uncursed dagger of draining.
* * * LOW HITPOINT WARNING * * *
You feel drained. Sonja hits you but does no damage.
You feel drained.
You closely miss Sonja.
Sonja is moderately wounded.
Sonja gestures wildly while chanting.
Sonja blinks!
Sonja mumbles some strange words.
Sonja blinks!
You feel yourself speed up.
You see here a yak skeleton.
There is an open door, spattered with blood here.
Sonja hits you with an uncursed dagger of draining!
You die...

################
#<.#..'..#..'..#
#..)).#.)'..#..+
#..#####'#####'#
#..####..#...#)#
#..#__####..##.#
#..#_____##'#_.+
#⌠⌠#_.∩..÷'.@._#
####_..__##K.#+#
#_____###'#
#########.##


+$($+ #(($# ##.## #+# You could see Sonja.

Vanquished Creatures
  Sigmund (D)
  A yak (D)
  An ogre (D)
  A jelly (D)
  Ijyb (D)
5 creatures vanquished.

Notes
Turn   | Place    | Note
-------+----------+-------------------------------------------
     0 | D        | Melicamp the Troll Monk began the quest for the Orb.
     0 | D        | Reached XP level 1. HP: 22/22 MP: 0/0
     1 | D        | Noticed Ijyb
     6 | D        | Killed Ijyb
     6 | D        | Reached XP level 2. HP: 31/31 MP: 1/1
    26 | D        | Noticed an ogre
    35 | D        | Killed an ogre
    35 | D        | Reached XP level 3. HP: 38/44 MP: 2/2
    35 | D        | Reached XP level 4. HP: 45/52 MP: 3/3
    54 | D        | Noticed Sigmund
    85 | D        | Killed Sigmund
    85 | D        | Reached XP level 5. HP: 66/66 MP: 4/4
   106 | D        | Found a deep blue altar of Sif Muna.
   107 | D        | Found an ornate altar of the Wu Jian Council.
   108 | D        | Found a radiant altar of Vehumet.
   114 | D        | Reached XP level 6. HP: 65/74 MP: 5/5
   152 | D        | Found Hifudomnue's Armour Emporium.
   152 | D        | Found an ancient bone altar of Kikubaaqudgha.
   152 | D        | Found a stormy altar of Qazlal.
   152 | D        | Found a blossoming altar of Fedhas.
   152 | D        | Found a bloodstained altar of Trog.
   152 | D        | Found an iron altar of Okawaru.
   152 | D        | Found a glowing golden altar of the Shining One.
   152 | D        | Found a glowing silver altar of Zin.
   152 | D        | Found a white marble altar of Elyvilon.
   152 | D        | Noticed a yak
   153 | D        | Found a hazy altar of Hepliaklqana.
   153 | D        | Found a hide-covered altar of Uskayaw.
   153 | D        | Found a basalt altar of Yredelemnul.
   153 | D        | Found an opulent altar of Gozag.
   153 | D        | Found a snail-covered altar of Cheibriados.
   153 | D        | Found a sacrificial altar of Ru.
   153 | D        | Found a shadowy altar of Dithmenos.
   159 | D        | Killed a yak
   160 | D        | Found a sparkling altar of Nemelex Xobeh.
   231 | D        | Became a worshipper of Uskayaw the Reveler
   231 | D        | Reached * piety under Uskayaw
   237 | D        | Noticed Sonja
   256 | D        | Reached ** piety under Uskayaw
   263 | D        | HP: 3/78 [Sonja/uncursed dagger of draining (3)]
   272 | D        | HP: 3/78 [Sonja/uncursed dagger of draining (1)]
   279 | D        | Slain by Sonja

Skill      XL: |  1  2  3  4  5  6 |
---------------+-------------------+-----
Fighting       | 3 6 8 9 |  9.8
Dodging        | 3 |  3.6
Unarmed Combat | 4 6 7 8 9 |  9.0
Stealth        | |  1.1

Action                   |  1- 3 |  4- 6 || total
-------------------------+-------+-------++-------
Melee: Unarmed           |    10 |    41 ||    51
       Punch             |       |     1 ||     1
  Use: Potion            |     1 |     2 ||     3
       Scroll            |       |     1 ||     1
  Eat: Chunk             |       |     2 ||     2
Armor: Robe              |       |    28 ||    28
Dodge: Dodged            |     4 |    37 ||    41
